Map: Acropolis LE

Players

UKROPMAN - Winner!

  • Race: Zerg Zerg
  • League: Platinum
  • Spawn Location: 5:00

Woah

  • Race: Terran Terran
  • League: Platinum
  • Spawn Location: 11:00

VOD

Have the link to the VOD?

Description

Time

  • Played on: June 11, 2019, 4:22 p.m.
  • Length: 9:52
Show
View Real Time Build Order
Export as new Build Order

UKROPMAN Zerg - Winner!

Build Orders: Hatch First 

Get SALT Encoding   

  12  0:02  Drone  
  13  0:08  Drone  
  14  0:37  Hatchery  
  14  0:41  Overlord  
  13  0:51  Extractor  
  12  0:59  Drone x3  
  15  1:14  Spawning Pool  
  15  1:17  Drone  
  15  1:23  Drone  
  16  1:35  Drone  
  17  1:51  Overlord  
  17  2:00  Drone x2  
  19  2:02  Queen x2  
  19  2:08  Zergling x4  
  24  2:14  Drone  
  26  2:16  Zergling x2  
  26  2:22  Metabolic Boost  
  27  2:38  Queen  
  29  2:51  Drone x2  
  29  2:52  Drone  
  29  2:53  Zergling x6  
  35  3:28  Roach Warren  
  35  3:29  Lair  
  33  3:44  Zergling x4  
  33  3:47  Overlord  
  35  3:49  Overlord  
  35  3:50  Overlord  
  35  4:07  Drone x3  
  35  4:08  Drone x3  
  41  4:15  Roach x3  
  47  4:27  Drone  
  47  4:29  Drone  
  49  4:35  Roach x3  
  55  4:45  Extractor  
  54  4:50  Drone x2  
  54  4:52  Drone x3  
  59  4:53  Hatchery  
  58  5:09  Glial Reconstitution  
  58  5:13  Drone  
  59  5:15  Overlord  
  59  5:16  Overlord  
  59  5:17  Overlord  
  59  5:29  Overlord  
  59  5:30  Overlord  
  59  5:33  Queen x2  
  63  5:37  Ravager x3  
  66  5:56  Drone  
  66  5:57  Drone x7  
  74  6:04  Extractor  
  71  6:20  Drone x2  
  71  6:21  Drone  
  74  6:26  Extractor  
  74  6:27  Drone x3  
  74  6:31  Drone x3  
  79  6:40  Spire  
  73  7:08  Infestation Pit  
  72  7:13  Hydralisk Den  
  71  7:15  Evolution Chamber  
  71  7:20  Evolution Chamber, Drone  
  71  7:21  Drone x6  
  71  7:36  Zergling x8  
  72  7:46  Extractor  
  72  7:47  Drone x2  
  72  7:48  Extractor, Drone  
  72  7:50  Zergling x10  
  72  7:51  Zergling x14  
  82  7:55  Hive  
  85  8:00  Grooved Spines  
  85  8:03  Hydralisk x3  
  85  8:04  Hydralisk x2  
  92  8:45  Hatchery  
  72  8:59  Roach, Zergling x2  
  72  9:00  Roach x3  
  72  9:02  Roach x3  
  89  9:03  Roach x5  
Show
View Real Time Build Order
Export as new Build Order

Woah Terran 

Build Orders: Reaper Expand 

Get SALT Encoding   

  12  0:01  SCV  
  13  0:13  SCV  
  14  0:17  Supply Depot  
  14  0:26  SCV  
  15  0:39  SCV  
  15  0:42  Barracks  
  16  0:45  Refinery  
  16  0:51  SCV  
  17  1:08  SCV  
  18  1:20  SCV  
  19  1:38  Reaper, Orbital Command  
  20  1:42  Command Center  
  20  1:57  Barracks  
  20  2:06  Supply Depot  
  20  2:11  SCV  
  20  2:13  Barracks Reactor  
  21  2:21  Refinery  
  21  2:23  SCV  
  22  2:30  Factory  
  22  2:45  Barracks Tech Lab  
  22  2:46  SCV  
  22  2:49  Supply Depot  
  23  2:54  Marine  
  24  3:02  SCV  
  24  3:13  Orbital Command  
  24  3:17  Marine x2  
  25  3:34  Marine  
  25  3:46  Starport  
  25  3:54  SCV  
  26  4:08  Marine  
  26  4:09  Hellion  
  29  4:12  SCV  
  30  4:17  Marine x2  
  30  4:19  Liberator  
  30  4:21  Orbital Command  
  32  4:24  SCV  
  32  4:25  Bunker  
  33  4:35  Factory Tech Lab  
  36  4:46  Supply Depot  
  36  4:48  Supply Depot  
  36  4:49  SCV  
  36  4:51  SCV  
  38  4:58  Siege Tank  
  41  5:02  Supply Depot  
  40  5:16  SCV x2  
  42  5:41  Barracks  
  42  5:44  Command Center  
  42  5:53  Factory Tech Lab  
  42  5:54  Stimpack  
  42  5:55  Marauder  
  44  6:12  SCV  
  44  6:13  SCV  
  44  6:14  Siege Tank  
  44  6:16  Marine  
  47  6:21  Orbital Command  
  47  6:23  Starport Reactor  
  47  6:25  SCV  
  49  6:27  Barracks  
  49  6:29  Barracks  
  45  6:48  Engineering Bay  
  45  6:49  Engineering Bay  
  45  6:52  Orbital Command  
  43  7:12  SCV x2  
  45  7:19  SCV  
  45  7:24  SCV x2  
  46  7:36  SCV  
  42  7:38  SCV  
  42  7:40  Orbital Command  
  42  7:46  Combat Shield, Barracks Reactor x2  
  42  7:47  Marine  
  42  7:48  SCV, Marine x3  
  42  7:50  SCV  
  48  8:03  Supply Depot  
  48  8:05  Factory, Marine  
  48  8:06  Marine  
  48  8:10  Orbital Command  
  47  8:18  SCV x2  
  48  8:20  Medivac  
  49  8:35  Armory  
  46  8:52  Marine x3  
  48  9:03  Missile Turret  
Tags
 
Add a new tag
Caveats
  • Supply blocks, unpowered buildings, or Contaminate may cause inaccurate times.
  • Supply counts are checked every 10 seconds.